 Dungeon Crawl Stone Soup version 0.29.1-2-gbd0b4ee654 (webtiles) character file.

Game seed: 15949819189122829942

318 qeuew the Grave Robber (level 6, 0/43 HPs)
             Began as a Demonspawn Necromancer on Nov 5, 2022.
             Was an Initiate of Vehumet.
             Slain by an elf skeleton (3 damage)
             ... on level 6 of the Dungeon.
             The game lasted 00:06:26 (3687 turns).

qeuew the Grave Robber (Demonspawn Necromancer)     Turns: 3687, Time: 00:06:26

Health: 0/43       AC:  8    Str:  8    XL:     6   Next: 21%
Magic:  11/11      EV: 11    Int: 16    God:    Vehumet [......]
Gold:   195        SH:  0    Dex: 22    Spells: 8/12 levels left

rFire   . . .      SeeInvis .   c - +0 scimitar
rCold   . . .      Faith    .   (no shield)
rNeg    . . .      Spirit   .   p - +0 ring mail
rPois   .          Reflect  .   (no helmet)
rElec   .          Harm     .   (no cloak)
rCorr   .          Rampage  .   (no gloves)
Will    .....                   (no boots)
Stlth   ++........              (no amulet)
HPRegen 0.14/turn               m - +6 ring of dexterity
MPRegen 0.12/turn               (no ring)

@: no status effects
A: icy blue scales 2, weakness stinger 1
a: Renounce Religion


You were on level 6 of the Dungeon.
You worshipped Vehumet.
Vehumet was noncommittal.
You visited 1 branch of the dungeon, and saw 5 of its levels.

You collected 195 gold pieces.

Inventory:

Hand Weapons
 c - a +0 scimitar (weapon)
Armour
 a - a +0 kite shield
 p - a +0 ring mail (worn)
Jewellery
 m - a +6 ring of dexterity (left hand)
Wands
 o - a wand of digging (5)
Scrolls
 d - 2 scrolls of enchant armour
 e - a scroll of summoning
 g - a scroll of vulnerability {unknown}
 h - 2 scrolls of magic mapping {unknown}
 k - 4 scrolls of identify
 n - a scroll of blinking {unknown}
Potions
 b - a potion of magic
 f - a potion of heal wounds {unknown}
 i - a potion of degeneration {unknown}
 j - a potion of cancellation {unknown}
 l - 5 potions of curing {unknown}


   Skills:
 * Level 1.5 Fighting
 + Level 0.1(1.3) Short Blades
 * Level 2.3 Long Blades
 * Level 1.4 Armour
 * Level 2.3 Dodging
 - Level 1.7 Stealth
 * Level 0.9 Shields
 * Level 3.6 Spellcasting
 + Level 5.2 Necromancy


You had 8 spell levels left.
You knew the following spells:

 Your Spells              Type           Power      Damage    Failure   Level
a - Necrotise             Necr           76%        1d7       6%          1
b - Vampiric Draining     Necr           19%        2d7       19%         3

Your spell library contained the following spells:

 Spells                   Type           Power      Damage    Failure   Level
 Summon Small Mammal      Summ           8%         N/A       47%         1
 Animate Dead             Necr           19%        N/A       52%         4
 Call Canine Familiar     Summ           2%         N/A       85%         3
 Summon Guardian Golem    Hex/Summ       2%         N/A       85%         3
 Agony                    Necr           19%        N/A       86%         5


Dungeon Overview and Level Annotations

Branches:
Dungeon (4/15)
 Temple: D:4-7

Altars:
Qazlal
Vehumet

Shops:
D:1 =   D:2 =

Annotations:
D:1 good ring 650


Innate Abilities, Weirdness & Mutations

You are mostly covered in icy blue scales. (AC +3)
You have a small tail.


Message History

You barely miss the elf skeleton. You tail-slap the elf skeleton.
You punch the elf skeleton, but do no damage.
The elf skeleton is lightly damaged.
The elf skeleton hits you.
You barely miss the elf skeleton.
The elf skeleton is lightly damaged.
The elf skeleton hits you.
You hit the elf skeleton.
The elf skeleton is lightly damaged.
The elf skeleton hits you but does no damage.
You slash the elf skeleton!
Your tail-slap misses the elf skeleton.
The elf skeleton is moderately damaged.
The elf skeleton hits you.
* * * LOW HITPOINT WARNING * * *
You hit the elf skeleton.
The elf skeleton is moderately damaged.
The elf skeleton barely misses you. The elf skeleton hits you.
* * * LOW HITPOINT WARNING * * *
You slash the elf skeleton! You tail-slap the elf skeleton.
The elf skeleton is heavily damaged.
The elf skeleton closely misses you.
You barely miss the elf skeleton.
The elf skeleton is heavily damaged.
You hit the elf skeleton.
The elf skeleton is heavily damaged.
The elf skeleton hits you but does no damage.
The elf skeleton barely misses you.
You hit the elf skeleton but do no damage.
Your tail-slap misses the elf skeleton.
The elf skeleton is heavily damaged.
The elf skeleton hits you.
* * * LOW HITPOINT WARNING * * *
You slash the elf skeleton!
The elf skeleton is severely damaged.
The elf skeleton hits you.
* * * LOW HITPOINT WARNING * * *
You completely miss the elf skeleton.
The elf skeleton is severely damaged.
The elf skeleton hits you.
You die...

#.#.#.#.#.# #..#
#.#)).#)#.#####..## #
#.##)......ZZ....[##
#.#.#)###.#.####.....##
#....## ##..# #.......##
#######.# #######........#
.....(..## #.#.#.#........+
########.#+#'#'#'#........#
###Z@...')#.......##
###...####.....## +...+
##...## #+#'######'##
#...'....# #######..#
.....# #.#...# ........#


You could see an elf skeleton.

Vanquished Creatures
  2 elf skeletons (D:6)
  2 human skeletons (D:6)
  An orc wizard (D:6)
  2 gnolls (D:4)
  4 adders
  2 dart slugs
  13 orcs
  6 endoplasms
  4 giant cockroaches
  3 hobgoblins
  2 quokkas
  2 ball pythons
  4 bats
  2 frilled lizards
  3 goblins
  4 kobolds
  An orc skeleton (D:6)
  A rat (D:2)
58 creatures vanquished.

Vanquished Creatures (collateral kills)
  A rat (D:1)
1 creature vanquished.

Vanquished Creatures (others)
  18 fungi (D:4)
18 creatures vanquished.

Grand Total: 77 creatures vanquished

Notes
Turn   | Place    | Note
-------+----------+-------------------------------------------
     0 | D:1      | qeuew the Demonspawn Necromancer began the quest for the
                  | Orb.
     0 | D:1      | Reached XP level 1. HP: 13/13 MP: 3/3
   378 | D:1      | Found Veguqax's Jewellery Shop.
   485 | D:1      | Gained mutation: You are partially covered in icy blue
                  | scales. (AC +2) [demonic ancestry]
   485 | D:1      | Reached XP level 2. HP: 10/19 MP: 0/5
  1039 | D:2      | Found a stormy altar of Qazlal.
  1121 | D:2      | Reached XP level 3. HP: 24/24 MP: 0/7
  1125 | D:2      | Learned a level 3 spell: Vampiric Draining
  1316 | D:2      | Found Riboag's Jewellery Shoppe.
  2009 | D:3      | Reached skill level 5 in Necromancy
  2229 | D:3      | Gained mutation: You are mostly covered in icy blue scales.
                  | (AC +3) [demonic ancestry]
  2229 | D:3      | Reached XP level 4. HP: 31/31 MP: 1/8
  2301 | D:3      | Found a radiant altar of Vehumet.
  2407 | D:3      | Became a worshipper of Vehumet
  3345 | D:4      | Reached skill level 1 in Fighting
  3460 | D:4      | You fall into a shaft and drop 2 floors!
  3474 | D:6      | Reached skill level 1 in Long Blades
  3490 | D:6      | Gained mutation: You have a small tail. [demonic ancestry]
  3490 | D:6      | Reached XP level 5. HP: 25/37 MP: 4/10
  3532 | D:6      | Reached skill level 1 in Armour
  3664 | D:6      | Reached XP level 6. HP: 19/43 MP: 11/11
  3687 | D:6      | Slain by an elf skeleton

Illustrated notes

Levels and vault maps discovered:
D:1:      dpeg_arrival_erosion, layout_basic, serial_shops, shop
D:2:      layout_basic, basic_altar, serial_shops, nicolae_shop_trees
D:3:      layout_basic, mainiacjoe_overflow_24_doors
D:4:      dreamdust_elfheim, layout_rooms,
          grunt_temple_overflow_gold_and_silver, minmay_temple_entry_overgrown,
          serial_aquarium, aquarium_bridge_long_separate
          [aquarium_subvault_bridge, aquarium_subvault_wall,
          aquarium_subvault_wall, aquarium_subvault_wall,
          aquarium_subvault_balcony, aquarium_subvault_bridge],
          aquarium_bridge_straight [aquarium_subvault_bridge,
          aquarium_subvault_wall, aquarium_subvault_bridge,
          aquarium_subvault_window], aquarium_window_2, aquarium_window_corner,
          aquarium_view_2d, aquarium_balcony_5b, aquarium_pool_side,
          chequers_serial_rivers_micro_c
D:6:      layout_loops_corners, mainiacjoe_overflow_alcove_4,
          makhleb_grotto_becter, nicolae_ru_great_annihilating_truth,
          nicolae_ossuary_entry_catacombs, uniq_prince_ribbit1

Skill      XL: |  1  2  3  4  5 |
---------------+----------------+-----
Necromancy     | 5 |  5.2
Dodging        | 2 |  2.3
Spellcasting   | 3 |  3.6
Fighting       | 1 |  1.5
Long Blades    | 1 2 |  2.3
Armour         | 1 |  1.4
Short Blades   | |  0.1
Stealth        | |  1.7
Shields        | |  0.9

Action                   |  1- 3 |  4- 6 || total
-------------------------+-------+-------++-------
Melee: Dagger            |    14 |       ||    14
       Scimitar          |     7 |    68 ||    75
       Punch             |       |     2 ||     2
       Tailslap          |       |     9 ||     9
 Cast: Necrotise         |    58 |    37 ||    95
  Use: Scroll            |     5 |       ||     5
 Stab: Sleeping          |       |     1 ||     1
Armor: Robe              |     5 |     2 ||     7
       Ring mail         |       |    19 ||    19
Dodge: Dodged            |    23 |    35 ||    58
